WCHLSIM.com - West Coast Hockey League
html PUBLIC "-//W3C//DTD XHTML 1.0 Transitional//EN" "http://www.w3.org/TR/xhtml1/DTD/xhtml1-transitional.dtd"> WCHL - Game 146 - VICTORIA GLADIATORS vs PORTLAND PIRATES

VICTORIA GLADIATORS vs PORTLAND PIRATES

Created - 2 novembre 2022 at 23:40

Goals
1 2 3 OT1 T
VICTORIA GLADIATORS 0 1 1 0 2
PORTLAND PIRATES 1 0 1 1 3
Shots
1 2 3 OT1 T
VICTORIA GLADIATORS 9 5 8 0 22
PORTLAND PIRATES 13 11 13 1 38

1st period

1. PORTLAND PIRATES , Thomas Chabot 1 (Gabriel Landeskog 3, Robert Thomas 3) at 14:18

Penalties :
Mark Borowiecki (POR) for Interference (Minor) at 1:52, Mark Borowiecki (POR) for Holding (Minor) at 17:21

2nd period

2. VICTORIA GLADIATORS , Kyle Connor 5 (Anze Kopitar 6) at 7:21

Penalties :
Tyler Toffoli (VIC) for Roughing (Minor) at 18:46

3rd period

3. VICTORIA GLADIATORS , Kyle Connor 6 (Anze Kopitar 7, Tyler Toffoli 5) at 1:29
4. PORTLAND PIRATES , Gabriel Landeskog 3 (Yanni Gourde 3) at 12:00

Penalties :
Mark Borowiecki (POR) for Interference (Minor) at 2:19, Adam Lowry (VIC) for Interference (Minor) at 8:32, Johan Larsson (VIC) for Interference (Minor) at 14:06, Johan Larsson (VIC) for Tripping (Minor) at 19:39

Overtime #1

5. PORTLAND PIRATES , Pavel Zacha 2 (Thomas Chabot 3) at 0:16 (PP)

Penalties :
No Penalty

Goalie Stats

Mike Smith (VIC), 35 saves from 38 shots - (0,921), OTL, 2-3-1, 60:17 minutes
Cameron Talbot (POR), 20 saves from 22 shots - (0,909), W, 4-1-2, 60:17 minutes

Players Stats for VICTORIA GLADIATORS

Player Name              G  A  P  +/- PIM S  H  SB GA TA FO     MP     PP MP  PK MP  
------------------------------------------------------------------------------------
Adam Lowry               0  0  0   0  2   1  1  0  0  0  6/15   12:45   0:00   2:48 
Alex Newhook             0  0  0   0  0   0  0  0  0  0  0/1    13:37   2:01   1:38 
Anton Stralman           0  0  0   2  0   1  1  0  0  0  0/0    19:04   0:00   0:12 
Anze Kopitar             0  2  2   2  0   2  1  0  0  0  12/22  20:14   3:56   0:00 
Barclay Goodrow          0  0  0   0  0   2  3  2  0  0  7/20   17:25   2:01   0:00 
Calvin De Haan           0  0  0  -2  0   0  1  0  0  0  0/0    21:46   1:58   3:03 
Colton Parayko           0  0  0   2  0   1  1  3  0  0  0/0    23:03   3:59   0:12 
Connor Brown             0  0  0   0  0   5  0  1  0  0  0/0    18:55   3:31   0:00 
Jamie Drysdale           0  0  0   0  0   0  2  1  0  0  0/0    15:28   0:00   3:19 
Johan Larsson            0  0  0   0  4   3  0  0  0  0  0/0    18:43   0:00   3:21 
Justin Holl              0  0  0  -2  0   0  0  0  0  0  0/0    21:46   1:58   3:03 
Kasperi Kapanen          0  0  0   0  0   0  0  0  0  0  0/2    13:29   2:01   1:30 
Kevin Rooney             0  0  0  -2  0   0  1  0  0  0  6/11    7:53   0:00   1:47 
Kyle Connor              2  0  2   2  0   5  0  0  0  0  0/1    20:14   3:56   0:00 
Nils Hoglander           0  0  0  -2  0   0  0  0  0  0  0/0     7:53   0:00   1:47 
Patrik Nemeth            0  0  0   0  0   0  1  2  0  0  0/0    15:56   0:28   3:19 
Tyler Toffoli            0  1  1   2  2   1  1  0  0  0  0/1    20:13   3:56   0:00 
Victor Rask              0  0  0  -2  0   1  0  0  0  0  0/0     6:06   0:00   0:00 

Players Stats for PORTLAND PIRATES

Player Name              G  A  P  +/- PIM S  H  SB GA TA FO     MP     PP MP  PK MP  
------------------------------------------------------------------------------------
Ben Hutton               0  0  0   0  0   0  0  0  0  0  0/0    16:37   0:00   3:09 
Brett Pesce              0  0  0   2  0   0  0  3  0  0  0/0    21:34   2:00   3:02 
Brian Dumoulin           0  0  0  -2  0   0  0  0  0  0  0/0    20:58   0:00   2:55 
Chandler Stephenson      0  0  0   0  0   4  0  0  0  0  4/5    19:02   2:19   1:07 
Gabriel Landeskog        1  1  2   1  0   8  2  0  0  0  0/0    19:37   3:58   0:00 
Jonathan Toews           0  0  0   0  0   1  0  0  0  0  6/12   17:59   4:17   2:34 
Mark Borowiecki          0  0  0   0  6   0  2  0  0  0  0/0    13:45   0:00   0:00 
Michael Amadio           0  0  0  -1  0   0  1  0  0  0  0/1     8:15   0:18   2:34 
Mika Zibanejad           0  0  0   0  0   3  0  0  0  0  17/23  19:34   3:58   0:00 
Pavel Zacha              1  0  1   0  0   2  1  0  0  0  3/7    13:41   0:00   2:16 
Rickard Rakell           0  0  0   0  0   2  0  0  0  0  0/0    13:08   2:00   0:00 
Robert Thomas            0  1  1   1  0   5  0  0  0  0  10/18  19:37   3:58   0:00 
Ryan Donato              0  0  0  -1  0   0  0  0  0  0  1/4     5:23   0:00   0:00 
Thomas Chabot            1  1  2   2  0   1  1  1  0  0  0/0    21:06   4:17   0:00 
Travis Hamonic           0  0  0  -2  0   2  3  1  0  0  0/0    20:14   0:00   2:48 
Travis Konecny           0  0  0   0  0   4  1  0  0  0  0/2    17:55   2:19   0:00 
William Carrier          0  0  0  -1  0   2  1  0  0  0  1/1     8:46   0:00   3:23 
Yanni Gourde             0  1  1   1  0   4  1  0  0  0  0/0    17:57   2:01   0:00 

3 Stars

1 - Kyle Connor (VIC)
2 - Thomas Chabot (POR)
3 - Gabriel Landeskog (POR)

Power Play

VICTORIA GLADIATORS - 0 on 3 Attempt(s) - 0,00%
PORTLAND PIRATES - 1 on 4 Attempt(s) - 25,00%

Penalty Kill

VICTORIA GLADIATORS - 3 on 4 Attempt(s) - 75,00% - Score 0 goal in Penalty Kill
PORTLAND PIRATES - 3 on 3 Attempt(s) - 100,00% - Score 0 goal in Penalty Kill

Team Stat

VICTORIA GLADIATORS - Hits : 13 - Faceoff Wins : 31 - Blocked Shots : 9 - Penalty Minutes : 8
PORTLAND PIRATES - Hits : 13 - Faceoff Wins : 42 - Blocked Shots : 5 - Penalty Minutes : 6

Official

Referees : Ian Walsh and Tim Peel
Linesman : Mark Shewchyk and Colin Gates

Game Notes

No Game Note

Finance

Level 1 -- Attendance: 6978 (87,23%) -- Ticket Income 1 144 392 $
Level 2 -- Attendance: 5237 (87,28%) -- Ticket Income 623 203 $
Level 3 -- Attendance: 2441 (81,37%) -- Ticket Income 217 249 $
Level 4 -- Attendance: 4000 (100,00%) -- Ticket Income 336 000 $
Luxury Box -- Attendance: 1000 (100,00%) -- Ticket Income 339 000 $
Total Attendance: 19656 (89,35%)
Total Ticket Income: 2 659 844 $
Other Expense: 26 598 $
Total Income: 2 633 246 $

VICTORIA GLADIATORS

5 vs 5 Forward 
   Center                   Left Wing                Right Wing               Time % Phy DF OF 
 1 Anze Kopitar             Kyle Connor              Tyler Toffoli            36     1   2  2  
 2 Barclay Goodrow          Johan Larsson            Connor Brown             33     1   2  2  
 3 Adam Lowry               Alex Newhook             Kasperi Kapanen          24     0   4  1  
 4 Kevin Rooney             Victor Rask              Nils Hoglander           7      0   4  1  

5 vs 5 Defense 
   Defense                  Defense                                           Time % Phy DF OF 
 1 Colton Parayko           Anton Stralman                                    40     1   2  2  
 2 Justin Holl              Calvin De Haan                                    35     1   2  2  
 3 Patrik Nemeth            Jamie Drysdale                                    25     1   2  2  
 4 Patrik Nemeth            Calvin De Haan                                    0      1   2  2  

PowerPlay Forward 
   Center                   Left Wing                Right Wing               Time % Phy DF OF 
 1 Anze Kopitar             Kyle Connor              Tyler Toffoli            60     1   0  4  
 2 Barclay Goodrow          Alex Newhook             Kasperi Kapanen          40     1   0  4  

PowerPlay Defense
   Defense                  Defense                                           Time % Phy DF OF 
 1 Colton Parayko           Connor Brown                                      60     0   1  4  
 2 Justin Holl              Calvin De Haan                                    40     0   1  4  

Penalty Kill 4 Players Forward 
   Center                   Wing                     Time % Phy DF OF 
 1 Adam Lowry               Johan Larsson            55     0   4  1  
 2 Kevin Rooney             Nils Hoglander           45     0   4  1  

Penalty Kill 4 Players Defense
   Defense                  Defense                  Time % Phy DF OF 
 1 Justin Holl              Calvin De Haan           55     0   4  1  
 2 Patrik Nemeth            Jamie Drysdale           45     0   4  1  

Penalty Kill - 3 Players Forward 
   Forward                                           Time % Phy DF OF 
 1 Adam Lowry                                        55     0   4  1  
 2 Johan Larsson                                     45     0   4  1  

Penalty Kill - 3 Players Defense
   Defense                  Defense                  Time % Phy DF OF 
 1 Patrik Nemeth            Jamie Drysdale           55     0   4  1  
 2 Colton Parayko           Anton Stralman           45     0   4  1  

4 vs 4 Forward 
   Center                   Wing                     Time % Phy DF OF 
 1 Anze Kopitar             Kyle Connor              52     1   2  2  
 2 Barclay Goodrow          Connor Brown             48     1   2  2  

4 vs 4 Defense
   Defense                  Defense                  Time % Phy DF OF 
 1 Patrik Nemeth            Jamie Drysdale           52     1   2  2  
 2 Colton Parayko           Anton Stralman           48     1   2  2  

Last Minutes Offensive
   Center                   Left Wing                Right Wing               Defense                  Defense                  
   Anze Kopitar             Kyle Connor              Connor Brown             Colton Parayko           Anton Stralman           

Last Minutes Defensive
   Center                   Left Wing                Right Wing               Defense                  Defense                  
   Adam Lowry               Johan Larsson            Nils Hoglander           Justin Holl              Calvin De Haan           

Goaltenders
Starting : Mike Smith               
Backup : Charlie Lindgren         

Extra Forwards
Normal : Tyler Toffoli, Barclay Goodrow, Kasperi Kapanen - PP : Adam Lowry, Johan Larsson - PK : Kasperi Kapanen
Extra Defensemen
Normal : Calvin De Haan, Jamie Drysdale, Justin Holl - PP : Patrik Nemeth - PK : Jamie Drysdale, Justin Holl
Penalty Shots
Anze Kopitar, Kyle Connor, Tyler Toffoli, Connor Brown, Barclay Goodrow
Custom OT Lines Forwards
Anze Kopitar, Kyle Connor, Tyler Toffoli, Connor Brown, Barclay Goodrow, Johan Larsson, Adam Lowry, Kasperi Kapanen, Victor Rask, Kevin Rooney
Custom OT Lines Defensemen
Colton Parayko, Anton Stralman, Justin Holl, Calvin De Haan, Patrik Nemeth

Scratches
None

PORTLAND PIRATES

5 vs 5 Forward 
   Center                   Left Wing                Right Wing               Time % Phy DF OF 
 1 Mika Zibanejad           Chandler Stephenson      Travis Konecny           33     0   2  3  
 2 Robert Thomas            Gabriel Landeskog        Yanni Gourde             33     0   2  3  
 3 Jonathan Toews           Pavel Zacha              Rickard Rakell           24     0   2  3  
 4 Ryan Donato              William Carrier          Michael Amadio           10     1   2  2  

5 vs 5 Defense 
   Defense                  Defense                                           Time % Phy DF OF 
 1 Brett Pesce              Thomas Chabot                                     35     0   3  2  
 2 Brian Dumoulin           Travis Hamonic                                    35     0   4  1  
 3 Ben Hutton               Mark Borowiecki                                   20     1   4  0  
 4 Ben Hutton               Mark Borowiecki                                   10     1   4  0  

PowerPlay Forward 
   Center                   Left Wing                Right Wing               Time % Phy DF OF 
 1 Mika Zibanejad           Gabriel Landeskog        Robert Thomas            60     0   1  4  
 2 Chandler Stephenson      Yanni Gourde             Travis Konecny           40     0   1  4  

PowerPlay Defense
   Defense                  Defense                                           Time % Phy DF OF 
 1 Thomas Chabot            Jonathan Toews                                    60     0   2  3  
 2 Brett Pesce              Rickard Rakell                                    40     0   2  3  

Penalty Kill 4 Players Forward 
   Center                   Wing                     Time % Phy DF OF 
 1 Pavel Zacha              William Carrier          55     0   5  0  
 2 Jonathan Toews           Michael Amadio           45     0   5  0  

Penalty Kill 4 Players Defense
   Defense                  Defense                  Time % Phy DF OF 
 1 Brian Dumoulin           Ben Hutton               55     0   5  0  
 2 Brett Pesce              Mark Borowiecki          45     0   5  0  

Penalty Kill - 3 Players Forward 
   Forward                                           Time % Phy DF OF 
 1 Pavel Zacha                                       55     0   5  0  
 2 Michael Amadio                                    45     0   5  0  

Penalty Kill - 3 Players Defense
   Defense                  Defense                  Time % Phy DF OF 
 1 Brian Dumoulin           Ben Hutton               55     0   5  0  
 2 Brett Pesce              Mark Borowiecki          45     0   5  0  

4 vs 4 Forward 
   Center                   Wing                     Time % Phy DF OF 
 1 Pavel Zacha              Yanni Gourde             55     0   2  3  
 2 Jonathan Toews           Rickard Rakell           45     0   2  3  

4 vs 4 Defense
   Defense                  Defense                  Time % Phy DF OF 
 1 Brian Dumoulin           Thomas Chabot            55     0   3  2  
 2 Brett Pesce              Ben Hutton               45     0   3  2  

Last Minutes Offensive
   Center                   Left Wing                Right Wing               Defense                  Defense                  
   Mika Zibanejad           Chandler Stephenson      Robert Thomas            Thomas Chabot            Brett Pesce              

Last Minutes Defensive
   Center                   Left Wing                Right Wing               Defense                  Defense                  
   Pavel Zacha              William Carrier          Michael Amadio           Brian Dumoulin           Ben Hutton               

Goaltenders
Starting : Cameron Talbot           
Backup : Kevin Lankinen           

Extra Forwards
Normal : Ryan Donato, Jonathan Toews, Pavel Zacha - PP : Rickard Rakell, Jonathan Toews - PK : Rickard Rakell
Extra Defensemen
Normal : Ben Hutton, Mark Borowiecki, Brett Pesce - PP : Ben Hutton - PK : Mark Borowiecki, Brett Pesce
Penalty Shots
Gabriel Landeskog, Mika Zibanejad, Robert Thomas, Chandler Stephenson, Rickard Rakell
Custom OT Lines Forwards
Gabriel Landeskog, Mika Zibanejad, Chandler Stephenson, Robert Thomas, Yanni Gourde, Rickard Rakell, Jonathan Toews, Pavel Zacha, Travis Konecny, William Carrier
Custom OT Lines Defensemen
Thomas Chabot, Brett Pesce, Brian Dumoulin, Travis Hamonic, Ben Hutton

Scratches
None


% Time on Ice - VICTORIA GLADIATORS

Lines # - Real PCT - Wanted PCT - Time Play
Normal Forward
1 - 34% - 36% - 16:18
2 - 32% - 33% - 15:24
3 - 21% - 24% - 9:58
4 - 13% - 7% - 6:06
Normal Defense
1 - 39% - 40% - 18:52
2 - 35% - 35% - 16:45
3 - 25% - 25% - 12:09
4 - 0% - 0% - 0:00
PP Forward
1 - 66% - 60% - 3:56
2 - 34% - 40% - 2:01
PP Defense
1 - 67% - 60% - 3:59
2 - 33% - 40% - 1:58
PK Forward
1 - 72% - 55% - 4:30
2 - 28% - 45% - 1:47
PK Defense
1 - 49% - 55% - 3:03
2 - 51% - 45% - 3:14
PK3 Forward
1 - 100% - 55% - 0:17
2 - 0% - 45% - 0:00
PK3 Defense
1 - 29% - 55% - 0:05
2 - 71% - 45% - 0:12
44 Forward
1 - 0% - 52%
2 - 0% - 48%
44 Defense
1 - 0% - 52%
2 - 0% - 48%
Last Minute Offensive  - 0:00
Last Minute Defensive  - 0:00
Total
Forward - 60:17
Defense - 60:17

% Time on Ice - PORTLAND PIRATES

Lines # - Real PCT - Wanted PCT - Time Play
Normal Forward
1 - 33% - 33% - 15:36
2 - 33% - 33% - 15:39
3 - 23% - 24% - 11:08
4 - 11% - 10% - 5:23
Normal Defense
1 - 35% - 35% - 16:32
2 - 36% - 35% - 17:26
3 - 21% - 20% - 10:01
4 - 8% - 10% - 3:47
PP Forward
1 - 63% - 60% - 3:58
2 - 37% - 40% - 2:19
PP Defense
1 - 68% - 60% - 4:17
2 - 32% - 40% - 2:00
PK Forward
1 - 57% - 55% - 3:23
2 - 43% - 45% - 2:34
PK Defense
1 - 49% - 55% - 2:55
2 - 51% - 45% - 3:02
PK3 Forward
1 - 0% - 55%
2 - 0% - 45%
PK3 Defense
1 - 0% - 55%
2 - 0% - 45%
44 Forward
1 - 100% - 55% - 0:17
2 - 0% - 45% - 0:00
44 Defense
1 - 100% - 55% - 0:17
2 - 0% - 45% - 0:00
Last Minute Offensive  - 0:00
Last Minute Defensive  - 0:00
Total
Forward - 60:17
Defense - 60:17

Play-by-Play

1st period


0:01 of 1st period - Mika Zibanejad wins face-off versus Anze Kopitar in neutral zone.
0:05 of 1st period - Icing by Anton Stralman.
0:06 of 1st period - Anze Kopitar wins face-off versus Robert Thomas in VICTORIA GLADIATORS zone.
0:40 of 1st period - Shot by Yanni Gourde.
0:40 of 1st period - Stopped by Mike Smith without a rebound.
0:41 of 1st period - Jonathan Toews wins face-off versus Barclay Goodrow in VICTORIA GLADIATORS zone.
0:41 of 1st period - Rickard Rakell is hit by Calvin De Haan and loses puck.
1:02 of 1st period - Connor Brown is hit by Thomas Chabot and loses puck.
1:39 of 1st period - Shot by Adam Lowry.
1:39 of 1st period - Shot Misses the Net.
1:52 of 1st period - Minor Penalty to Mark Borowiecki for Interference.
1:53 of 1st period - Anze Kopitar wins face-off versus Chandler Stephenson in PORTLAND PIRATES zone.
3:13 of 1st period - Shot by Kasperi Kapanen.
3:13 of 1st period - Shot Blocked by Brett Pesce.
3:15 of 1st period - Shot by Justin Holl.
3:15 of 1st period - Deflect By Kasperi Kapanen.
3:15 of 1st period - Shot Misses the Net.
3:17 of 1st period - Shot by Justin Holl.
3:17 of 1st period - Shot Misses the Net.
3:19 of 1st period - Shot by Barclay Goodrow.
3:19 of 1st period - Stopped by Cameron Talbot without a rebound.
3:20 of 1st period - Anze Kopitar wins face-off versus Michael Amadio in PORTLAND PIRATES zone.
4:11 of 1st period - Shot by Robert Thomas.
4:11 of 1st period - Stopped by Mike Smith without a rebound.
4:12 of 1st period - Mika Zibanejad wins face-off versus Adam Lowry in VICTORIA GLADIATORS zone.
4:15 of 1st period - Shot by Chandler Stephenson.
4:15 of 1st period - Deflect By Mika Zibanejad.
4:15 of 1st period - Shot Hit the Post.
4:27 of 1st period - Shot by Mika Zibanejad.
4:27 of 1st period - Stopped by Mike Smith without a rebound.
4:28 of 1st period - Robert Thomas wins face-off versus Kevin Rooney in VICTORIA GLADIATORS zone.
4:29 of 1st period - Shot by Gabriel Landeskog.
4:29 of 1st period - Stopped by Mike Smith without a rebound.
4:30 of 1st period - Mika Zibanejad wins face-off versus Anze Kopitar in VICTORIA GLADIATORS zone.
4:39 of 1st period - Shot by Mika Zibanejad.
4:39 of 1st period - Stopped by Mike Smith without a rebound.
4:40 of 1st period - Mika Zibanejad wins face-off versus Adam Lowry in VICTORIA GLADIATORS zone.
5:07 of 1st period - Shot by Chandler Stephenson.
5:07 of 1st period - Deflect By Mika Zibanejad.
5:07 of 1st period - Shot Blocked by Colton Parayko.
5:11 of 1st period - Shot by Chandler Stephenson.
5:11 of 1st period - Stopped by Mike Smith without a rebound.
5:12 of 1st period - Anze Kopitar wins face-off versus Robert Thomas in VICTORIA GLADIATORS zone.
6:11 of 1st period - Anze Kopitar is hit by Travis Hamonic and loses puck.
6:24 of 1st period - Shot by Connor Brown.
6:24 of 1st period - Shot Blocked by Travis Hamonic.
6:26 of 1st period - Shot by Anton Stralman.
6:26 of 1st period - Stopped by Cameron Talbot without a rebound.
6:27 of 1st period - Barclay Goodrow wins face-off versus Ryan Donato in PORTLAND PIRATES zone.
6:52 of 1st period - Shot by Johan Larsson.
6:52 of 1st period - Stopped by Cameron Talbot without a rebound.
6:53 of 1st period - Mika Zibanejad wins face-off versus Adam Lowry in PORTLAND PIRATES zone.
7:07 of 1st period - Shot by Chandler Stephenson.
7:07 of 1st period - Shot Misses the Net.
8:11 of 1st period - Pavel Zacha is hit by Jamie Drysdale and loses puck.
8:44 of 1st period - Shot by Yanni Gourde.
8:44 of 1st period - Shot Blocked by Patrik Nemeth.
9:08 of 1st period - Shot by Gabriel Landeskog.
9:08 of 1st period - Shot Misses the Net.
9:10 of 1st period - Shot by Gabriel Landeskog.
9:10 of 1st period - Shot Misses the Net.
9:12 of 1st period - Shot by Ben Hutton.
9:12 of 1st period - Shot Misses the Net.
9:14 of 1st period - Shot by Gabriel Landeskog.
9:14 of 1st period - Deflect By Robert Thomas.
9:14 of 1st period - Shot Blocked by Patrik Nemeth.
9:16 of 1st period - Shot by Gabriel Landeskog.
9:16 of 1st period - Stopped by Mike Smith without a rebound.
9:17 of 1st period - Mika Zibanejad wins face-off versus Barclay Goodrow in VICTORIA GLADIATORS zone.
9:42 of 1st period - Shot by Mika Zibanejad.
9:42 of 1st period - Deflect By Travis Konecny.
9:42 of 1st period - Stopped by Mike Smith with a rebound.
10:25 of 1st period - Shot by Michael Amadio.
10:25 of 1st period - Shot Misses the Net.
10:53 of 1st period - Shot by Tyler Toffoli.
10:53 of 1st period - Shot Blocked by Brett Pesce.
10:55 of 1st period - Shot by Tyler Toffoli.
10:55 of 1st period - Deflect By Kyle Connor.
10:55 of 1st period - Shot Misses the Net.
10:59 of 1st period - Shot by Anze Kopitar.
10:59 of 1st period - Shot Blocked by Brett Pesce.
11:53 of 1st period - Shot by Barclay Goodrow.
11:53 of 1st period - Shot Misses the Net.
11:55 of 1st period - Shot by Johan Larsson.
11:55 of 1st period - Stopped by Cameron Talbot without a rebound.
11:56 of 1st period - Anze Kopitar wins face-off versus Jonathan Toews in PORTLAND PIRATES zone.
11:56 of 1st period - Anze Kopitar is hit by Travis Hamonic.
12:04 of 1st period - Brian Dumoulin is hit by Tyler Toffoli and loses puck.
12:21 of 1st period - Shot by Kyle Connor.
12:21 of 1st period - Stopped by Cameron Talbot without a rebound.
12:22 of 1st period - Barclay Goodrow wins face-off versus Robert Thomas in PORTLAND PIRATES zone.
13:41 of 1st period - Shot by Travis Konecny.
13:41 of 1st period - Stopped by Mike Smith with a rebound.
14:04 of 1st period - Icing by Anze Kopitar.
14:05 of 1st period - Jonathan Toews wins face-off versus Anze Kopitar in VICTORIA GLADIATORS zone.
14:14 of 1st period - Shot by Pavel Zacha.
14:14 of 1st period - Stopped by Mike Smith without a rebound.
14:15 of 1st period - Robert Thomas wins face-off versus Kevin Rooney in VICTORIA GLADIATORS zone.
14:16 of 1st period - Shot by Gabriel Landeskog.
14:16 of 1st period - Shot Misses the Net.
14:18 of 1st period - Shot by Thomas Chabot.
14:18 of 1st period - Goal by Thomas Chabot - VICTORIA GLADIATORS : 0 - PORTLAND PIRATES : 1.
14:19 of 1st period - Robert Thomas wins face-off versus Kevin Rooney in neutral zone.
14:24 of 1st period - Shot by Kevin Rooney.
14:24 of 1st period - Shot Blocked by Thomas Chabot.
14:34 of 1st period - Shot by Robert Thomas.
14:34 of 1st period - Stopped by Mike Smith with a rebound.
14:47 of 1st period - Shot by Nils Hoglander.
14:47 of 1st period - Shot Misses the Net.
15:26 of 1st period - Shot by Kyle Connor.
15:26 of 1st period - Shot Misses the Net.
15:38 of 1st period - Shot by Travis Konecny.
15:38 of 1st period - Stopped by Mike Smith without a rebound.
15:39 of 1st period - Jonathan Toews wins face-off versus Barclay Goodrow in VICTORIA GLADIATORS zone.
15:53 of 1st period - Rickard Rakell is hit by Colton Parayko and loses puck.
16:00 of 1st period - Shot by Barclay Goodrow.
16:00 of 1st period - Stopped by Cameron Talbot without a rebound.
16:01 of 1st period - Adam Lowry wins face-off versus Mika Zibanejad in PORTLAND PIRATES zone.
17:21 of 1st period - Minor Penalty to Mark Borowiecki for Holding.
17:22 of 1st period - Anze Kopitar wins face-off versus Pavel Zacha in PORTLAND PIRATES zone.
17:27 of 1st period - Shot by Connor Brown.
17:27 of 1st period - Shot Misses the Net.
17:29 of 1st period - Shot by Connor Brown.
17:29 of 1st period - Stopped by Cameron Talbot without a rebound.
17:30 of 1st period - William Carrier wins face-off versus Anze Kopitar in PORTLAND PIRATES zone.
17:56 of 1st period - Shot by Colton Parayko.
17:56 of 1st period - Deflect By Kyle Connor.
17:56 of 1st period - Stopped by Cameron Talbot without a rebound.
17:57 of 1st period - Pavel Zacha wins face-off versus Anze Kopitar in PORTLAND PIRATES zone.
19:34 of 1st period - Shot by Victor Rask.
19:34 of 1st period - Stopped by Cameron Talbot without a rebound.
19:35 of 1st period - Kevin Rooney wins face-off versus Mika Zibanejad in PORTLAND PIRATES zone.
19:49 of 1st period - Nils Hoglander is hit by Travis Hamonic and loses puck.
Goals for this period are 0 for VICTORIA GLADIATORS vs 1 for PORTLAND PIRATES.
Shots for this period are 9 for VICTORIA GLADIATORS vs 13 for PORTLAND PIRATES.

2nd period


0:01 of 2nd period - Robert Thomas wins face-off versus Barclay Goodrow in neutral zone.
0:04 of 2nd period - Connor Brown is hit by Gabriel Landeskog and loses puck.
0:34 of 2nd period - Shot by Johan Larsson.
0:34 of 2nd period - Stopped by Cameron Talbot without a rebound.
0:35 of 2nd period - Anze Kopitar wins face-off versus Pavel Zacha in PORTLAND PIRATES zone.
0:42 of 2nd period - Shot by Kyle Connor.
0:42 of 2nd period - Shot Misses the Net.
1:37 of 2nd period - Justin Holl is hit by Gabriel Landeskog.
1:43 of 2nd period - Shot by Yanni Gourde.
1:43 of 2nd period - Stopped by Mike Smith without a rebound.
1:44 of 2nd period - Mika Zibanejad wins face-off versus Barclay Goodrow in VICTORIA GLADIATORS zone.
2:01 of 2nd period - Shot by Mika Zibanejad.
2:01 of 2nd period - Shot Misses the Net.
2:03 of 2nd period - Shot by Brett Pesce.
2:03 of 2nd period - Shot Misses the Net.
2:05 of 2nd period - Shot by Travis Konecny.
2:05 of 2nd period - Deflect By Mika Zibanejad.
2:05 of 2nd period - Shot Misses the Net.
2:07 of 2nd period - Shot by Mika Zibanejad.
2:07 of 2nd period - Deflect By Travis Konecny.
2:07 of 2nd period - Shot Blocked by Barclay Goodrow.
2:45 of 2nd period - Shot by Yanni Gourde.
2:45 of 2nd period - Shot Blocked by Colton Parayko.
2:47 of 2nd period - Shot by Brian Dumoulin.
2:47 of 2nd period - Shot Misses the Net.
2:49 of 2nd period - Shot by Brian Dumoulin.
2:49 of 2nd period - Shot Misses the Net.
2:51 of 2nd period - Shot by Travis Hamonic.
2:51 of 2nd period - Stopped by Mike Smith without a rebound.
2:52 of 2nd period - Adam Lowry wins face-off versus Jonathan Toews in VICTORIA GLADIATORS zone.
3:19 of 2nd period - Rickard Rakell is hit by Jamie Drysdale and loses puck.
3:55 of 2nd period - Shot by Gabriel Landeskog.
3:55 of 2nd period - Stopped by Mike Smith without a rebound.
3:56 of 2nd period - Anze Kopitar wins face-off versus Mika Zibanejad in VICTORIA GLADIATORS zone.
4:26 of 2nd period - Icing by Calvin De Haan.
4:27 of 2nd period - Anze Kopitar wins face-off versus Robert Thomas in VICTORIA GLADIATORS zone.
6:29 of 2nd period - Shot by Rickard Rakell.
6:29 of 2nd period - Stopped by Mike Smith without a rebound.
6:30 of 2nd period - Kevin Rooney wins face-off versus Jonathan Toews in VICTORIA GLADIATORS zone.
6:30 of 2nd period - Kevin Rooney is hit by Pavel Zacha.
6:37 of 2nd period - Icing by Mark Borowiecki.
6:38 of 2nd period - Anze Kopitar wins face-off versus Pavel Zacha in PORTLAND PIRATES zone.
6:38 of 2nd period - Tyler Toffoli is hit by Mark Borowiecki.
6:44 of 2nd period - Shot by Anze Kopitar.
6:44 of 2nd period - Shot Misses the Net.
6:46 of 2nd period - Shot by Anze Kopitar.
6:46 of 2nd period - Stopped by Cameron Talbot without a rebound.
6:47 of 2nd period - Robert Thomas wins face-off versus Anze Kopitar in PORTLAND PIRATES zone.
6:55 of 2nd period - Off-side.
6:56 of 2nd period - Anze Kopitar wins face-off versus Robert Thomas in neutral zone.
7:21 of 2nd period - Shot by Kyle Connor.
7:21 of 2nd period - Goal by Kyle Connor - VICTORIA GLADIATORS : 1 - PORTLAND PIRATES : 1.
7:22 of 2nd period - Barclay Goodrow wins face-off versus Travis Konecny in neutral zone.
8:02 of 2nd period - Shot by Connor Brown.
8:02 of 2nd period - Shot Misses the Net.
8:09 of 2nd period - Calvin De Haan is hit by Mark Borowiecki and loses puck.
8:19 of 2nd period - Travis Konecny is hit by Anze Kopitar and loses puck.
8:59 of 2nd period - Gabriel Landeskog is hit by Anton Stralman and loses puck.
12:21 of 2nd period - Off-side.
12:22 of 2nd period - Kevin Rooney wins face-off versus Robert Thomas in neutral zone.
12:32 of 2nd period - Shot by Yanni Gourde.
12:32 of 2nd period - Stopped by Mike Smith without a rebound.
12:33 of 2nd period - Ryan Donato wins face-off versus Barclay Goodrow in VICTORIA GLADIATORS zone.
14:12 of 2nd period - Shot by Gabriel Landeskog.
14:12 of 2nd period - Shot Misses the Net.
14:30 of 2nd period - Shot by Yanni Gourde.
14:30 of 2nd period - Stopped by Mike Smith without a rebound.
14:31 of 2nd period - Barclay Goodrow wins face-off versus Mika Zibanejad in VICTORIA GLADIATORS zone.
14:44 of 2nd period - Shot by Mika Zibanejad.
14:44 of 2nd period - Shot Misses the Net.
16:10 of 2nd period - Shot by Anze Kopitar.
16:10 of 2nd period - Stopped by Cameron Talbot with a rebound.
16:38 of 2nd period - Shot by Adam Lowry.
16:38 of 2nd period - Stopped by Cameron Talbot without a rebound.
16:39 of 2nd period - Pavel Zacha wins face-off versus Alex Newhook in PORTLAND PIRATES zone.
16:46 of 2nd period - Icing by Travis Hamonic.
16:47 of 2nd period - Adam Lowry wins face-off versus Jonathan Toews in PORTLAND PIRATES zone.
17:10 of 2nd period - Shot by Rickard Rakell.
17:10 of 2nd period - Stopped by Mike Smith without a rebound.
17:11 of 2nd period - Robert Thomas wins face-off versus Barclay Goodrow in VICTORIA GLADIATORS zone.
18:17 of 2nd period - Shot by Chandler Stephenson.
18:17 of 2nd period - Stopped by Mike Smith with a rebound.
18:25 of 2nd period - Shot by Chandler Stephenson.
18:25 of 2nd period - Stopped by Mike Smith without a rebound.
18:26 of 2nd period - Jonathan Toews wins face-off versus Anze Kopitar in VICTORIA GLADIATORS zone.
18:46 of 2nd period - Minor Penalty to Tyler Toffoli for Roughing.
18:47 of 2nd period - Mika Zibanejad wins face-off versus Kevin Rooney in VICTORIA GLADIATORS zone.
18:50 of 2nd period - Shot by Gabriel Landeskog.
18:50 of 2nd period - Deflect By Robert Thomas.
18:50 of 2nd period - Stopped by Mike Smith without a rebound.
18:51 of 2nd period - Mika Zibanejad wins face-off versus Adam Lowry in VICTORIA GLADIATORS zone.
19:03 of 2nd period - Icing by Thomas Chabot.
19:04 of 2nd period - Adam Lowry wins face-off versus Mika Zibanejad in PORTLAND PIRATES zone.
19:19 of 2nd period - Shot by Robert Thomas.
19:19 of 2nd period - Stopped by Mike Smith with a rebound.
19:53 of 2nd period - Icing by Robert Thomas.
19:54 of 2nd period - Mika Zibanejad wins face-off versus Kevin Rooney in PORTLAND PIRATES zone.
19:54 of 2nd period - Mika Zibanejad is hit by Kevin Rooney.
Goals for this period are 1 for VICTORIA GLADIATORS vs 0 for PORTLAND PIRATES.
Shots for this period are 5 for VICTORIA GLADIATORS vs 11 for PORTLAND PIRATES.

3rd period


0:01 of 3rd period - Mika Zibanejad wins face-off versus Adam Lowry in neutral zone.
0:04 of 3rd period - Shot by Gabriel Landeskog.
0:04 of 3rd period - Stopped by Mike Smith with a rebound.
0:06 of 3rd period - Shot by Gabriel Landeskog.
0:06 of 3rd period - Stopped by Mike Smith without a rebound.
0:07 of 3rd period - Mika Zibanejad wins face-off versus Adam Lowry in VICTORIA GLADIATORS zone.
0:26 of 3rd period - Shot by Jonathan Toews.
0:26 of 3rd period - Stopped by Mike Smith with a rebound.
0:28 of 3rd period - Shot by Mika Zibanejad.
0:28 of 3rd period - Deflect By Robert Thomas.
0:28 of 3rd period - Stopped by Mike Smith without a rebound.
0:29 of 3rd period - Chandler Stephenson wins face-off versus Adam Lowry in VICTORIA GLADIATORS zone.
1:07 of 3rd period - Shot by Tyler Toffoli.
1:07 of 3rd period - Stopped by Cameron Talbot with a rebound.
1:17 of 3rd period - Shot by Tyler Toffoli.
1:17 of 3rd period - Shot Misses the Net.
1:19 of 3rd period - Shot by Tyler Toffoli.
1:19 of 3rd period - Shot Misses the Net.
1:21 of 3rd period - Shot by Kyle Connor.
1:21 of 3rd period - Shot Misses the Net.
1:23 of 3rd period - Shot by Kyle Connor.
1:23 of 3rd period - Shot Misses the Net.
1:25 of 3rd period - Shot by Anze Kopitar.
1:25 of 3rd period - Shot Hit the Post.
1:27 of 3rd period - Shot by Anze Kopitar.
1:27 of 3rd period - Shot Misses the Net.
1:29 of 3rd period - Shot by Kyle Connor.
1:29 of 3rd period - Goal by Kyle Connor - VICTORIA GLADIATORS : 2 - PORTLAND PIRATES : 1.
1:30 of 3rd period - Barclay Goodrow wins face-off versus Robert Thomas in neutral zone.
1:54 of 3rd period - Gabriel Landeskog is hit by Barclay Goodrow and loses puck.
2:00 of 3rd period - Icing by Calvin De Haan.
2:01 of 3rd period - Chandler Stephenson wins face-off versus Barclay Goodrow in VICTORIA GLADIATORS zone.
2:04 of 3rd period - Shot by Mika Zibanejad.
2:04 of 3rd period - Shot Misses the Net.
2:19 of 3rd period - Minor Penalty to Mark Borowiecki for Interference.
2:20 of 3rd period - Pavel Zacha wins face-off versus Anze Kopitar in PORTLAND PIRATES zone.
3:17 of 3rd period - Calvin De Haan is hit by Michael Amadio and loses puck.
4:13 of 3rd period - Shot by Kyle Connor.
4:13 of 3rd period - Shot Misses the Net.
4:15 of 3rd period - Shot by Colton Parayko.
4:15 of 3rd period - Stopped by Cameron Talbot without a rebound.
4:16 of 3rd period - Jonathan Toews wins face-off versus Barclay Goodrow in PORTLAND PIRATES zone.
5:33 of 3rd period - Kevin Rooney is hit by Yanni Gourde and loses puck.
6:00 of 3rd period - Shot by Robert Thomas.
6:00 of 3rd period - Shot Misses the Net.
6:02 of 3rd period - Shot by Brian Dumoulin.
6:02 of 3rd period - Shot Misses the Net.
6:04 of 3rd period - Shot by Travis Hamonic.
6:04 of 3rd period - Stopped by Mike Smith with a rebound.
6:06 of 3rd period - Shot by Gabriel Landeskog.
6:06 of 3rd period - Shot Blocked by Colton Parayko.
6:08 of 3rd period - Shot by Brian Dumoulin.
6:08 of 3rd period - Shot Misses the Net.
6:54 of 3rd period - Shot by Connor Brown.
6:54 of 3rd period - Stopped by Cameron Talbot without a rebound.
6:55 of 3rd period - Adam Lowry wins face-off versus Ryan Donato in PORTLAND PIRATES zone.
7:03 of 3rd period - Off-side.
7:04 of 3rd period - Mika Zibanejad wins face-off versus Barclay Goodrow in neutral zone.
7:21 of 3rd period - Shot by Connor Brown.
7:21 of 3rd period - Stopped by Cameron Talbot with a rebound.
7:23 of 3rd period - Shot by Barclay Goodrow.
7:23 of 3rd period - Shot Misses the Net.
7:33 of 3rd period - Shot by Connor Brown.
7:33 of 3rd period - Stopped by Cameron Talbot without a rebound.
7:34 of 3rd period - Robert Thomas wins face-off versus Anze Kopitar in PORTLAND PIRATES zone.
8:15 of 3rd period - Shot by Kyle Connor.
8:15 of 3rd period - Shot Misses the Net.
8:32 of 3rd period - Minor Penalty to Adam Lowry for Interference.
8:33 of 3rd period - Chandler Stephenson wins face-off versus Kasperi Kapanen in VICTORIA GLADIATORS zone.
8:38 of 3rd period - Shot by Chandler Stephenson.
8:38 of 3rd period - Stopped by Mike Smith without a rebound.
8:39 of 3rd period - Chandler Stephenson wins face-off versus Kasperi Kapanen in VICTORIA GLADIATORS zone.
9:13 of 3rd period - Travis Konecny is hit by Patrik Nemeth.
9:15 of 3rd period - Shot by Jonathan Toews.
9:15 of 3rd period - Shot Misses the Net.
9:37 of 3rd period - Shot by Mika Zibanejad.
9:37 of 3rd period - Stopped by Mike Smith with a rebound.
9:39 of 3rd period - Shot by Rickard Rakell.
9:39 of 3rd period - Shot Misses the Net.
9:41 of 3rd period - Shot by Rickard Rakell.
9:41 of 3rd period - Shot Misses the Net.
10:01 of 3rd period - Shot by Gabriel Landeskog.
10:01 of 3rd period - Shot Blocked by Jamie Drysdale.
10:39 of 3rd period - Shot by William Carrier.
10:39 of 3rd period - Stopped by Mike Smith without a rebound.
10:40 of 3rd period - Anze Kopitar wins face-off versus Ryan Donato in VICTORIA GLADIATORS zone.
10:40 of 3rd period - Anze Kopitar is hit by William Carrier.
10:58 of 3rd period - Shot by Kyle Connor.
10:58 of 3rd period - Shot Misses the Net.
11:06 of 3rd period - Shot by William Carrier.
11:06 of 3rd period - Stopped by Mike Smith without a rebound.
11:07 of 3rd period - Kevin Rooney wins face-off versus Jonathan Toews in VICTORIA GLADIATORS zone.
12:00 of 3rd period - Shot by Gabriel Landeskog.
12:00 of 3rd period - Goal by Gabriel Landeskog - VICTORIA GLADIATORS : 2 - PORTLAND PIRATES : 2.
12:01 of 3rd period - Mika Zibanejad wins face-off versus Tyler Toffoli in neutral zone.
12:20 of 3rd period - Shot by Chandler Stephenson.
12:20 of 3rd period - Shot Misses the Net.
12:30 of 3rd period - Shot by Kyle Connor.
12:30 of 3rd period - Stopped by Cameron Talbot without a rebound.
12:31 of 3rd period - Robert Thomas wins face-off versus Adam Lowry in PORTLAND PIRATES zone.
12:31 of 3rd period - Robert Thomas is hit by Adam Lowry.
13:08 of 3rd period - Off-side.
13:09 of 3rd period - Barclay Goodrow wins face-off versus Mika Zibanejad in neutral zone.
13:13 of 3rd period - Icing by Thomas Chabot.
13:14 of 3rd period - Mika Zibanejad wins face-off versus Barclay Goodrow in PORTLAND PIRATES zone.
13:25 of 3rd period - Shot by Travis Konecny.
13:25 of 3rd period - Stopped by Mike Smith without a rebound.
13:26 of 3rd period - Robert Thomas wins face-off versus Anze Kopitar in VICTORIA GLADIATORS zone.
13:49 of 3rd period - Shot by Gabriel Landeskog.
13:49 of 3rd period - Stopped by Mike Smith without a rebound.
13:50 of 3rd period - Barclay Goodrow wins face-off versus Jonathan Toews in VICTORIA GLADIATORS zone.
13:54 of 3rd period - Brett Pesce is hit by Barclay Goodrow and loses puck.
14:06 of 3rd period - Minor Penalty to Johan Larsson for Interference.
14:07 of 3rd period - Mika Zibanejad wins face-off versus Adam Lowry in VICTORIA GLADIATORS zone.
14:52 of 3rd period - Shot by Mika Zibanejad.
14:52 of 3rd period - Deflect By Gabriel Landeskog.
14:52 of 3rd period - Stopped by Mike Smith without a rebound.
14:53 of 3rd period - Kevin Rooney wins face-off versus Travis Konecny in VICTORIA GLADIATORS zone.
15:39 of 3rd period - Shot by Rickard Rakell.
15:39 of 3rd period - Deflect By Travis Konecny.
15:39 of 3rd period - Shot Misses the Net.
16:09 of 3rd period - Shot by Robert Thomas.
16:09 of 3rd period - Shot Misses the Net.
16:40 of 3rd period - Shot by Connor Brown.
16:40 of 3rd period - Stopped by Cameron Talbot without a rebound.
16:41 of 3rd period - Robert Thomas wins face-off versus Kyle Connor in PORTLAND PIRATES zone.
17:19 of 3rd period - Shot by Gabriel Landeskog.
17:19 of 3rd period - Shot Misses the Net.
18:27 of 3rd period - Icing by Pavel Zacha.
18:28 of 3rd period - Jonathan Toews wins face-off versus Barclay Goodrow in PORTLAND PIRATES zone.
18:28 of 3rd period - Jonathan Toews is hit by Barclay Goodrow.
18:39 of 3rd period - Icing by Justin Holl.
18:40 of 3rd period - Mika Zibanejad wins face-off versus Barclay Goodrow in VICTORIA GLADIATORS zone.
19:01 of 3rd period - Shot by Mika Zibanejad.
19:01 of 3rd period - Shot Blocked by Connor Brown.
19:03 of 3rd period - Shot by Travis Hamonic.
19:03 of 3rd period - Shot Blocked by Barclay Goodrow.
19:13 of 3rd period - Shot by Mika Zibanejad.
19:13 of 3rd period - Deflect By Chandler Stephenson.
19:13 of 3rd period - Shot Misses the Net.
19:29 of 3rd period - Justin Holl is hit by Travis Konecny.
19:39 of 3rd period - Minor Penalty to Johan Larsson for Tripping.
19:40 of 3rd period - Kevin Rooney wins face-off versus Robert Thomas in VICTORIA GLADIATORS zone.
Goals for this period are 1 for VICTORIA GLADIATORS vs 1 for PORTLAND PIRATES.
Shots for this period are 8 for VICTORIA GLADIATORS vs 13 for PORTLAND PIRATES.

Overtime #1


0:01 of 1st overtime period - Adam Lowry wins face-off versus Pavel Zacha in neutral zone.
0:16 of 1st overtime period - Shot by Pavel Zacha.
0:16 of 1st overtime period - Goal by Pavel Zacha - VICTORIA GLADIATORS : 2 - PORTLAND PIRATES : 3.
Goals for this period are 0 for VICTORIA GLADIATORS vs 1 for PORTLAND PIRATES.
Shots for this period are 0 for VICTORIA GLADIATORS vs 1 for PORTLAND PIRATES.


JOHNNY
GAUDREAU
MATTHEW
BOLDY
OWEN
TIPPETT

EAST COAST

HOCKEY LEAGUE

  • 29.PIT6MAN7
  • 30.ATL6NHW2
  • 31.WOR4PET3
  • 32.3RHI4
  • 33.CHIQUE
  • 34.LIMCHA
  • 35.LONTRV
  • 36.BALCHW